 Dungeon Crawl Stone Soup version 0.31-b1-22-gc680215f68 (webtiles) character file.

Game seed: 10448069991737453026

39 groovy9 the Shield-Bearer (level 3, 0/36 HPs)
             Began as a Troll Fighter on Jan 18, 2024.
             Slain by a gnoll
             ... wielding a +0 halberd
              (12 damage)
             ... on level 2 of the Dungeon.
             The game lasted 00:02:53 (1149 turns).

groovy9 the Shield-Bearer (Troll Fighter)           Turns: 1149, Time: 00:02:54

Health: 0/36       AC:  4    Str: 26    XL:     3   Next: 26%
Magic:  2/2        EV:  9    Int:  4    God:
Gold:   62         SH:  7    Dex:  9    Spells: 2/2 levels left

rFire   . .          .
                       - Unarmed
rCold   . . .        b - +0 kite shield
rNeg    . . .        a - +0 robe
rPois   +            (helmet restricted)
rElec   .            (no cloak)
rCorr   .            (gloves unavailable)
SInv    .            (boots unavailable)
Will    .....        (no amulet)
Stlth   +            d - ring of poison resistance
HPRegen 1.06/turn    (no ring)
MPRegen 0.08/turn

%: no passive effects
@: no status effects
A: large, unfitting armour, claws 3, regeneration 1, shaggy fur 1, tough skin 1
a: no special abilities


You were on level 2 of the Dungeon.
You visited 1 branch of the dungeon, and saw 2 of its levels.

You collected 62 gold pieces.

Inventory:

Missiles
 h - 2 javelins (quivered)
Armour
 a - a +0 robe (worn)
 b - a +0 kite shield (worn)
Jewellery
 d - a ring of poison resistance (left claw)
Scrolls
 e - a scroll of identify {unknown}
Potions
 c - a potion of might
 f - a potion of degeneration {unknown}
 g - a potion of curing {unknown}
 i - 2 potions of magic {unknown}


   Skills:
 + Level 2.7 Fighting
 + Level 0.6 Throwing
 + Level 2.7 Dodging
 + Level 3.0 Shields
 + Level 2.4 Unarmed Combat


You had 2 spell levels left.
You didn't know any spells.
Your spell library was empty.

Dungeon Overview and Level Annotations

Branches:
Dungeon (2/15)

Altars:


Innate Abilities, Weirdness & Mutations

You are too large for most types of armour.
You have claws for hands.
Your natural rate of healing is unusually fast.
You are covered in fur. (AC +1)
You have tough skin. (AC +1)


Message History

The goblin unwields a +0 dagger.
The goblin wields a +0 sling.
The goblin shoots a sling bullet.
The sling bullet hits you.
The adder hisses angrily.
You block the adder's attack.
You claw the adder!
You kill the adder!
The goblin shoots a sling bullet.
The sling bullet hits you.
You hear a shout!
Your Shields skill increases to level 3!
The goblin shoots a sling bullet.
The sling bullet barely misses you.
The gnoll shouts!
You see here an adder corpse.
A dart slug comes into view.
The gnoll shouts!
The goblin unwields a +0 sling.
The goblin wields a +0 dagger.
The goblin barely misses you.
You scratch the goblin.
The goblin is moderately wounded.
You block the goblin's attack.
You closely miss the goblin.
The goblin is moderately wounded.
The goblin hits you with a +0 dagger. The gnoll barely misses you.
A ball python comes into view.
You scratch the goblin.
The goblin is heavily wounded.
The goblin hits you but does no damage.
The gnoll hits you from afar with a +0 halberd.
You scratch the goblin.
You kill the goblin!
The gnoll hits you from afar with a +0 halberd!
The gnoll hits you from afar with a +0 halberd.
You see here an adder corpse.
You are too injured to fight recklessly!
You are too injured to fight recklessly!
The gnoll hits you with a +0 halberd!
You see here an adder corpse.
You claw the gnoll!
The gnoll is severely wounded.
The gnoll hits you with a +0 halberd!
You die...

##.##### ##.....#
#..........# ######.#
#.....<....# .....#.#
#..........# ####.#.#
#..........# #.#.#
#..........# #.#.#
#..........# # #.#.#
#########w....!....#
## #.#.#
#.....@gSg....<....#
.. #.#.#
#.....###...........l#
# #.#.# #.....#
#....?........ # #.#.#
#.....##.......#+#+###
# #.#.#
##'#####.####... #
##'#'#####.# # ....
#..(.......# ....
###.....###### ##....
............


You could see 2 gnolls, a dart slug and a ball python.

Vanquished Creatures
  An adder (D:2)
  A ribbon worm (D:1)
  2 endoplasms (D:2)
  3 goblins
  3 hobgoblins (D:1)
  A quokka (D:2)
  3 ball pythons
  2 bats (D:1)
  3 frilled lizards
  4 kobolds
  6 rats
29 creatures vanquished.

Notes
Turn   | Place    | Note
-------+----------+-------------------------------------------
     0 | D:1      | groovy9 the Troll Fighter began the quest for the Orb.
     0 | D:1      | Reached XP level 1. HP: 22/22 MP: 0/0
   258 | D:1      | Reached XP level 2. HP: 29/29 MP: 1/1
  1119 | D:2      | Reached XP level 3. HP: 36/36 MP: 2/2
  1140 | D:2      | Reached skill level 3 in Shields
  1149 | D:2      | Slain by a gnoll

Illustrated notes

Levels and vault maps discovered:
D:1:      dpeg_arrival_brainrot, layout_loops_ring
D:2:      layout_basic, minmay_gold_behind_fungi

Skill      XL: |  1  2  3 |
---------------+----------+-----
Shields        | 3 |  3.0
Fighting       | |  2.7
Throwing       | |  0.6
Dodging        | |  2.7
Unarmed Combat | |  2.4

Action                     || total
---------------------------++-------
  Melee: Unarmed           ||    67
   Stab: Sleeping          ||     1
 Armour: Robe              ||    40
  Dodge: Dodged            ||    15
  Block: Kite shield       ||    21
